 Dungeon Sprint DCSS version 0.25-a0-707-g603da076d2 (webtiles) character file.

Game seed: 12827237971584682136, levelgen mode: deterministic

5160 Ankalagon the Unseen (level 10, -9/87 HPs)
             Began as a Spriggan Assassin on Apr 4, 2020.
             Was an Initiate of Gozag.
             Mangled by a deep elf knight
             ... wielding a +0 scimitar
              (11 damage)
             ... in the Dungeon (Sprint III: "The Ten Rune Challenge").
             The game lasted 00:16:32 (2635 turns).

Ankalagon the Unseen (Spriggan Assassin)            Turns: 2635, Time: 00:16:32

Health: -9/87      AC:  9    Str:  9    XL:     10   Next: 33%
Magic:  20/20      EV: 28    Int: 13    God:    Gozag
Gold:   6649       SH:  0    Dex: 17    Spells: 9/9 levels left

rFire    + . .     SeeInvis +     - Unarmed
rCold    + . .     Gourm    .   (shield restricted)
rNeg     . . .     Faith    .   b - +0 robe
rPois    +         Spirit   .   (helmet restricted)
rElec    +         Reflect  .   e - +0 cloak {+Inv}
rCorr    +         Harm     .   (gloves unavailable)
MR       +....     NoTele   +   (boots unavailable)
Stlth    ..........             x - amulet of the acrobat
HPRegen  0.24/turn              v - +2 ring of protection
MPRegen  0.17/turn              w - ring of stealth

@: berserking (expiring), resistant, gold aura, very slightly contaminated,
hasted, very quick
A: very small, unfitting armour, horns 1, icy blue scales 1, iridescent scales
1, see invisible, clumsy 1, herbivore, speed 3, slow metabolism 2
a: Potion Petition, Call Merchant, Bribe Branch, Renounce Religion, Evoke
Invisibility


You were in the Dungeon.
You worshipped Gozag.
Gozag was greatly pleased with you.
You were not hungry.

You visited 1 branch You collected 7969 gold pieces.
You spent 690 gold pieces at shops.
You paid 630 gold pieces to Gozag.

Inventory:

Hand Weapons
 a - a +2 dagger
 d - a +3 quarterstaff of chaos
 k - a +1 long sword of holy wrath
 o - a +2 antimagic dagger
Missiles
 m - 4 poisoned darts (quivered)
Armour
 b - a +0 robe (worn)
 c - a +0 cloak
 e - a +0 cloak of invisibility (worn)
Jewellery
 v - a +2 ring of protection (left hand)
 w - a ring of stealth (right hand)
 x - an amulet of the acrobat (around neck)
Scrolls
 l - a scroll of blinking
 p - a scroll of immolation {unknown}
 q - a scroll of identify
 r - 3 scrolls of remove curse
 s - a scroll of torment {unknown}
Potions
 g - 2 potions of curing
 h - a potion of heal wounds
 i - a potion of haste
 j - 2 potions of magic
 t - a potion of brilliance
 u - 2 potions of flight
Miscellaneous
 n - a phantom mirror
Comestibles
 f - 2 rations


   Skills:
 + Level 9.0 Fighting
 - Level 2.1 Short Blades
 - Level 5.3 Throwing
 - Level 12.0 Dodging
 - Level 15.9 Stealth
 + Level 11.9 Unarmed Combat
 - Level 12.9 Evocations


You had 9 spell levels left.
You didn't know any spells.
Your spell library contained the following spells:

 Spells                   Type           Power        Failure   Level  Hunger
 Magic Dart               Conj           #...         30%         1    ##.....
 Blink                    Tloc           N/A          43%         2    ###....
 Call Imp                 Summ           #.......     43%         2    ###....
 Slow                     Hex            #.......     43%         2    ###....
 Confusing Touch          Hex            #.......     67%         3    ####...
 Conjure Flame            Conj/Fire      #.......     67%         3    ####...
 Gell's Gravitas          Tloc           #.........   67%         3    ####...
 Mephitic Cloud           Conj/Pois/Air  #.......     67%         3    ####...
 Petrify                  Tmut/Erth      #.......     97%         4    #####..
 Metabolic Englaciation   Hex/Ice        #.........   100%        5    ######.
 Yara's Violent Unravell  Hex/Tmut       #.........   100%        5    ######.


Dungeon Overview and Level Annotations

Branches:
Dungeon (1/1)

Altars:
Cheibriados
Dithmenos
Elyvilon
Fedhas
Gozag
Hepliaklqana
Kikubaaqudgha
Makhleb
Nemelex Xobeh
Okawaru
Qazlal
Ru
Sif Muna
Trog
Uskayaw
Vehumet
Wu Jian
Xom
Yredelemnul
Zin
The Shining One
Beogh
Jiyva
Lugonu

Shops:
D =


Innate Abilities, Weirdness & Mutations

You are very small and have problems with some larger weapons.
You are too small for most types of armour.
You have supernaturally acute eyesight. (SInv)
You are a herbivore.
You cover ground extremely quickly.
You need to consume almost no food.
You have a pair of small horns on your head.
You are partially covered in icy blue scales. (AC +2)
You are partially covered in iridescent scales. (AC +2)
You are clumsy. (Dex -2)


Message History

You hit the deep elf knight but do no damage.
You headbutt the deep elf knight.
The deep elf knight is severely wounded.
Unknown command.
Unknown command.
You closely miss the deep elf knight.
The deep elf knight is severely wounded.
The deep elf knight hits you with a +0 scimitar!
* * * LOW HITPOINT WARNING * * *
Unknown command.
Unknown command.
You completely miss the deep elf knight.
The deep elf knight is severely wounded.
Unknown command.
Unknown command.
You closely miss the deep elf knight.
The deep elf knight is severely wounded.
The deep elf knight hits you with a +0 scimitar!
You die...
Your body crumbles into a pile of gold.

###'##........∩##.#eee≈≈
.))..#........#.#.#e..##
))...#.##.##.#..#.+...#
####'#....#.#..########
_#...#e#############
_#...#..§≈§(.#.'...+
_#)..#.#≈≈≈#.#.#.$.#
_#)).'.#§§.#.#)#e$.#
_'...#.#§§§#).e#@..#
▓▓▓▓▓▓▓▓▓▓▓▓▓▓▓▓▓▓▓# $$
$$


You could see a deep elf knight.

Vanquished Creatures
  Snorg (D)
  A centaur warrior (D)
  An orc high priest (D)
  A deep elf knight (D)
  An orc knight (D)
  2 deep elf magi (D)
  A shadow (D)
  A spatial vortex (D)
  2 orc warriors (D)
  A necrophage (D)
  2 centaurs (D)
  An earth elemental (D)
  A water elemental (D)
  An orc priest (D)
  3 orc wizards (D)
  A jelly (D)
  Crazy Yiuf (D)
  A wizard (D)
  A necromancer (D)
  3 humans (D)
  A kobold demonologist (D)
  9 orcs (D)
  A goblin (D)
  4 rats (D)
42 creatures vanquished.

Vanquished Creatures (others)
  2 draconian scorchers (D)
  6 hellions (D)
  A yaktaur (D)
9 creatures vanquished.

Grand Total: 51 creatures vanquished

Notes
Turn   | Place    | Note
-------+----------+-------------------------------------------
     0 | D        | Ankalagon the Spriggan Assassin began the quest for the
                  | Orb.
     0 | D        | Reached XP level 1. HP: 10/10 MP: 2/2
    11 | D        | Reached skill level 1 in Unarmed Combat
    43 | D        | Noticed Crazy Yiuf
    65 | D        | Reached XP level 2. HP: 7/14 MP: 3/3
   112 | D        | Killed a hellion
   112 | D        | Killed a hellion
   121 | D        | Killed a yaktaur
   156 | D        | Killed a hellion
   158 | D        | Killed a hellion
   158 | D        | Killed a hellion
   159 | D        | Killed a hellion
   186 | D        | Killed a white draconian scorcher
   263 | D        | Killed Crazy Yiuf
   263 | D        | Reached skill level 5 in Throwing
   263 | D        | Reached XP level 3. HP: 12/18 MP: 4/4
   296 | D        | Killed a white draconian scorcher
   330 | D        | Gained mutation: Your movements are slightly less
                  | encumbered by armour. (ER -2) [potion of mutation]
   330 | D        | Gained mutation: You tend to lose your temper in combat.
                  | [potion of mutation]
   330 | D        | Gained mutation: You evolve. [potion of mutation]
   331 | D        | Lost mutation: You tend to lose your temper in combat.
                  | [potion of mutation]
   331 | D        | Lost mutation: You evolve. [potion of mutation]
   331 | D        | Lost mutation: Your movements are slightly less encumbered
                  | by armour. (ER -2) [potion of mutation]
   331 | D        | Gained mutation: You have large cloven feet. [potion of
                  | mutation]
   331 | D        | Gained mutation: You are weak. (Str -2) [potion of
                  | mutation]
   331 | D        | Gained mutation: You are partially covered in icy blue
                  | scales. (AC +2) [potion of mutation]
   332 | D        | Lost mutation: You are weak. (Str -2) [potion of mutation]
   332 | D        | Lost mutation: You have large cloven feet. [potion of
                  | mutation]
   332 | D        | Gained mutation: You are partially covered in large bone
                  | plates. (SH +4) [potion of mutation]
   332 | D        | Gained mutation: You expend magic power (3 MP) to
                  | strengthen your wands. [potion of mutation]
   333 | D        | Lost mutation: You expend magic power (3 MP) to strengthen
                  | your wands. [potion of mutation]
   333 | D        | Lost mutation: You are partially covered in large bone
                  | plates. (SH +4) [potion of mutation]
   333 | D        | Gained mutation: You are clumsy. (Dex -2) [potion of
                  | mutation]
   333 | D        | Gained mutation: You have a pair of small horns on your
                  | head. [potion of mutation]
   333 | D        | Gained mutation: You are partially covered in iridescent
                  | scales. (AC +2) [potion of mutation]
   369 | D        | Noticed a water elemental
   378 | D        | Killed a water elemental
   378 | D        | Reached skill level 8 in Stealth
   378 | D        | Reached skill level 5 in Evocations
   378 | D        | Reached XP level 4. HP: 22/22 MP: 4/8
   436 | D        | Found a glowing silver altar of Zin.
   437 | D        | Found a glowing golden altar of the Shining One.
   437 | D        | Found a white marble altar of Elyvilon.
   437 | D        | Noticed a deep elf mage
   460 | D        | Killed a deep elf mage
   460 | D        | Reached skill level 14 in Stealth
   460 | D        | Reached XP level 5. HP: 18/25 MP: 7/14
   460 | D        | Reached XP level 6. HP: 22/30 MP: 7/15
   529 | D        | Noticed a shadow
   531 | D        | Killed a shadow
   531 | D        | Reached skill level 15 in Stealth
   531 | D        | Reached XP level 7. HP: 31/33 MP: 15/17
   540 | D        | Found a blossoming altar of Fedhas.
   540 | D        | Found a stormy altar of Qazlal.
   540 | D        | Found a snail-covered altar of Cheibriados.
   540 | D        | Found a burning altar of Makhleb.
   540 | D        | Found a shimmering altar of Xom.
   540 | D        | Noticed a spatial vortex
   541 | D        | Found a hazy altar of Hepliaklqana.
   541 | D        | Found an opulent altar of Gozag.
   541 | D        | Found a sparkling altar of Nemelex Xobeh.
   541 | D        | Found a corrupted altar of Lugonu.
   541 | D        | Found a viscous altar of Jiyva.
   545 | D        | Became a worshipper of Gozag Ym Sagoz the Greedy
   565 | D        | Found a hide-covered altar of Uskayaw.
   565 | D        | Found an iron altar of Okawaru.
   566 | D        | Found a roughly hewn altar of Beogh.
   566 | D        | Found a bloodstained altar of Trog.
   566 | D        | Found an ornate altar of the Wu Jian Council.
   566 | D        | Noticed a human
   566 | D        | Noticed a human
   752 | D        | Killed a human
   752 | D        | Reached skill level 5 in Dodging
   757 | D        | Killed a human
   757 | D        | Reached skill level 5 in Unarmed Combat
   776 | D        | Found a basalt altar of Yredelemnul.
   776 | D        | Found a shadowy altar of Dithmenos.
   776 | D        | Found a sacrificial altar of Ru.
   778 | D        | Reached XP level 8. HP: 37/37 MP: 18/18
   794 | D        | Found a radiant altar of Vehumet.
   795 | D        | Found a shimmering blue altar of Sif Muna.
   795 | D        | Found an ancient bone altar of Kikubaaqudgha.
   933 | D        | Noticed Snorg
   970 | D        | Killed Snorg
  1110 | D        | Noticed an orc high priest
  1113 | D        | Noticed an orc knight
  1116 | D        | Found Faefom's Jewellery Emporium.
  1290 | D        | Killed an orc high priest
  1290 | D        | Reached XP level 9. HP: 22/46 MP: 9/19
  1493 | D        | Reached skill level 5 in Fighting
  1729 | D        | Killed an orc knight
  1729 | D        | Reached skill level 10 in Unarmed Combat
  2259 | D        | Bought a +2 ring of protection for 120 gold pieces
  2259 | D        | Bought an uncursed ring of stealth for 210 gold pieces
  2259 | D        | Bought an uncursed amulet of the acrobat for 360 gold
                  | pieces
  2266 | D        | Noticed a deep elf knight
  2266 | D        | Noticed a deep elf knight
  2266 | D        | Noticed a deep elf mage
  2266 | D        | Noticed a deep elf mage
  2266 | D        | Noticed a deep elf knight
  2414 | D        | Killed a deep elf mage
  2562 | D        | Killed a deep elf knight
  2562 | D        | Reached XP level 10. HP: 35/56 MP: 18/20
  2611 | D        | Noticed a centaur warrior
  2627 | D        | Killed a centaur warrior
  2633 | D        | HP: 2/87 [deep elf knight/+0 scimitar (16)]
  2635 | D        | Mangled by a deep elf knight

Levels and vault maps discovered:
D:        dungeon_sprint_mu [sprint_mu_entry_cave, sprint_mu_temple_rooms,
          sprint_mu_d1_horrors, sprint_mu_d2_genie, sprint_mu_d3_branching,
          sprint_mu_orc_legion, sprint_mu_elf_gauntlet, sprint_mu_hive_nellie,
          sprint_mu_lair_fedhas, sprint_mu_vaults_butterflies,
          sprint_mu_slime_circle, sprint_mu_shoals_archi,
          sprint_mu_snake_twists, sprint_mu_blade_basic, sprint_mu_crypt_lich,
          sprint_mu_tomb_spiral, sprint_mu_vestibule_basic,
          sprint_mu_gehenna_hellfire, sprint_mu_dis_giant,
          sprint_mu_tartarus_statrot, sprint_mu_cocytus_islands, sprint_mu_zot1]

Skill      XL: |  1  2  3  4  5  6  7  8  9 10 |
---------------+-------------------------------+-----
Unarmed Combat | 2 3 5 9 11 | 11.9
Throwing       | 4 5 |  5.3
Stealth        | 8 14 15 | 15.9
Evocations     | 5 11 12 | 12.9
Dodging        | 6 12 | 12.0
Fighting       | 4 8 9 |  9.0
Short Blades   | |  2.1

Action                   |  1- 3 |  4- 6 |  7- 9 | 10-12 || total
-------------------------+-------+-------+-------+-------++-------
Melee: Dagger            |    16 |     6 |    66 |       ||    88
       Headbutt          |       |     1 |    33 |     2 ||    36
       Unarmed           |       |       |   128 |    19 ||   147
       Punch             |       |       |    10 |       ||    10
Throw: Dart              |    11 |     4 |    28 |       ||    43
Invok: Potion Petition   |       |       |     1 |     1 ||     2
 Abil: Evoke Invisibilit |       |     1 |     7 |       ||     8
  Use: Potion            |     5 |       |     1 |       ||     6
       Scroll            |     2 |       |       |       ||     2
 Stab: Sleeping          |     3 |     1 |     6 |       ||    10
       Invisible         |       |       |     9 |       ||     9
  Eat: Ration            |       |       |     2 |       ||     2
Armor: Robe              |     1 |     1 |     9 |     1 ||    12
Dodge: Dodged            |     5 |     2 |   117 |    16 ||   140

Table legend:
 A = Non-vault XP
 B = Vault XP
 C = Vault XP percentage of total XP
 D = Non-vault monster count
 E = Vault monster count
 F = Vault count percentage of total count
                 A         B        C        D         E       F
            +---------+---------+-------+---------+---------+-------
      Total |       0 |    7372 | 100.0 |       0 |      42 | 100.0
            +---------+---------+-------+---------+---------+-------
          D |       0 |    7372 | 100.0 |       0 |      42 | 100.0
            +---------+---------+-------+---------+---------+-------
